Map: Persephone LE

Players

Lambo - Winner!

  • Race: Zerg Zerg
  • Spawn Location: 11:00

DnS

  • Race: Protoss Protoss
  • Spawn Location: 7:00

Event: HomeStory Cup XXVII

VOD

Have the link to the VOD?

Description

Time

  • Played on: June 27, 2025, 9:24 a.m.
  • Length: 13:53

All games in this series

Show
View Real Time Build Order
Export as new Build Order

Lambo Zerg - Winner!

Build Orders: Hatch First 

Get SALT Encoding   

  12  0:00  Drone  
  13  0:08  Drone  
  14  0:14  Extractor  
  14  0:15  Drone  
  15  0:21  Overlord  
  15  0:40  Drone  
  16  0:45  Hatchery  
  16  0:49  Drone  
  16  0:52  Drone  
  16  0:56  Drone  
  18  1:06  Extractor  
  17  1:11  Spawning Pool  
  17  1:14  Drone  
  17  1:17  Drone  
  18  1:26  Drone  
  19  1:37  Drone  
  20  1:47  Drone  
  21  1:58  Queen x2  
  21  1:59  Zergling x2  
  21  2:00  Overlord  
  27  2:08  Drone  
  27  2:09  Drone  
  27  2:12  Metabolic Boost  
  28  2:18  Drone  
  28  2:20  Drone  
  30  2:29  Drone  
  31  2:30  Drone  
  31  2:34  Queen  
  34  2:41  Drone  
  35  2:46  Hatchery  
  35  2:48  Overlord  
  34  2:51  Drone  
  34  2:54  Overlord  
  35  3:01  Drone  
  36  3:07  Drone x5  
  36  3:09  Drone x2  
  43  3:15  Queen  
  43  3:17  Zergling x2  
  46  3:22  Zergling x2  
  46  3:25  Queen  
  49  3:30  Overlord  
  49  3:31  Drone  
  50  3:35  Roach Warren  
  50  3:39  Drone x2  
  51  3:43  Drone  
  51  3:47  Overlord  
  52  3:48  Drone x3  
  55  4:04  Zergling x8  
  59  4:12  Zergling x14  
  59  4:15  Spore Crawler x2  
  64  4:17  Roach  
  64  4:21  Spore Crawler  
  64  4:22  Drone  
  65  4:32  Drone x4  
  65  4:37  Drone  
  69  4:39  Drone x4  
  69  4:40  Overlord  
  69  4:41  Lair  
  69  4:45  Overlord, Extractor  
  72  4:46  Drone x2  
  72  4:49  Overlord  
  74  4:53  Overlord  
  74  4:59  Drone x4  
  78  5:00  Drone  
  78  5:03  Drone  
  78  5:04  Drone  
  78  5:06  Extractor  
  80  5:09  Hatchery  
  80  5:11  Drone  
  80  5:12  Drone  
  81  5:14  Drone x2  
  81  5:16  Drone x3  
  81  5:18  Drone x2  
  88  5:22  Drone x2  
  88  5:24  Drone x2  
  88  5:25  Drone  
  88  5:27  Drone, Extractor  
  88  5:28  Extractor  
  88  5:29  Extractor  
  88  5:32  Evolution Chamber  
  88  5:33  Drone  
  87  5:38  Drone x2  
  87  5:42  Queen, Spire  
  89  5:44  Drone  
  89  5:46  Overseer  
  89  5:48  Drone x4  
  94  5:53  Glial Reconstitution  
  94  5:54  Drone  
  94  5:55  Overlord, Roach  
  97  5:58  Overlord  
  97  5:59  Overlord  
  97  6:01  Overlord  
  97  6:03  Overlord  
  96  6:05  Overlord  
  96  6:07  Overlord  
  96  6:13  Drone x3  
  99  6:19  Roach x4  
  99  6:22  Roach x3  
  113  6:29  Roach x4  
  113  6:32  Roach x2  
  125  6:33  Extractor  
  125  6:34  Roach  
  125  6:37  Roach  
  125  6:39  Roach  
  130  6:43  Spore Crawler  
  130  6:44  Roach x4  
  136  6:49  Roach x3  
  136  6:53  Roach x3  
  124  7:11  Mutalisk x6  
  136  7:18  Drone x2  
  138  7:25  Mutalisk x2  
  138  7:27  Zergling x20  
  152  7:34  Overlord  
  152  7:35  Zerg Missile Weapons Level 1  
  152  7:37  Overlord  
  152  7:40  Overlord  
  152  7:41  Overlord  
  152  7:50  Overlord  
  152  7:54  Overlord  
  152  8:01  Mutalisk x6  
  152  8:04  Zergling x6, Extractor  
  166  8:06  Mutalisk, Hatchery  
  166  8:17  Mutalisk x2  
  157  8:20  Drone x10  
  157  8:24  Mutalisk  
  169  8:27  Mutalisk  
  169  8:29  Zergling x2  
  169  8:32  Mutalisk  
  174  8:34  Drone  
  174  8:38  Mutalisk  
  174  8:40  Zergling x12  
  183  8:46  Mutalisk  
  185  8:49  Overlord, Extractor  
  185  8:53  Mutalisk x2  
  185  8:54  Extractor  
  171  8:59  Zergling x6  
  163  9:03  Mutalisk x2  
  163  9:08  Zergling x10  
  168  9:12  Spine Crawler  
  168  9:14  Spine Crawler  
  168  9:15  Mutalisk x2, Spine Crawler  
  167  9:17  Roach x4  
  167  9:21  Roach x2  
  167  9:23  Roach x2  
  181  9:28  Roach x2  
  185  9:32  Roach  
  185  9:37  Roach x4  
  181  9:43  Roach  
  174  9:48  Mutalisk x3  
  174  9:52  Zergling x4  
  180  9:57  Roach x3  
  185  10:00  Zergling x2  
  185  10:01  Ravager  
  185  10:02  Zerg Melee Weapons Level 1  
  185  10:04  Ravager  
  186  10:07  Roach x3  
  186  10:10  Zergling x2  
  186  10:11  Ravager  
  186  10:14  Queen x3  
  194  10:17  Zergling x2, Spine Crawler  
  199  10:21  Zergling x4  
  199  10:22  Overlord x2  
  199  10:25  Overlord  
  199  10:26  Overlord  
  200  10:29  Overlord  
  200  10:32  Overlord  
  200  10:38  Overlord  
  200  10:48  Mutalisk  
  199  10:54  Mutalisk x4  
  197  11:02  Zergling x18  
  197  11:13  Roach  
  197  11:20  Zergling x18  
  187  11:31  Zergling x14  
  179  11:37  Roach  
  173  11:41  Roach  
  173  11:42  Roach  
  173  11:43  Roach  
  173  11:44  Roach x6  
  181  11:55  Roach x4  
  181  11:58  Zerg Flyer Weapons Level 1  
  189  12:01  Hydralisk Den  
  189  12:02  Roach  
  189  12:08  Hatchery  
  189  12:12  Corruptor x4  
  196  12:17  Corruptor  
  198  12:27  Corruptor x3  
  169  12:38  Mutalisk  
  169  12:39  Mutalisk x7  
  160  12:45  Zergling x22  
  151  12:52  Mutalisk x2  
  147  13:00  Mutalisk x2  
  147  13:02  Zergling x8  
  155  13:06  Spine Crawler  
  155  13:08  Spine Crawler, Roach x3  
  157  13:13  Roach x4  
  157  13:19  Roach x5  
  170  13:25  Roach x4  
  177  13:31  Roach x3  
Show
View Real Time Build Order
Export as new Build Order

DnS Protoss 

Build Orders: 1 Gate Expand, Oracle Opening, Archon Immortal, Archon Drop 

Get SALT Encoding   

  12  0:00  Probe  
  13  0:12  Probe  
  14  0:18  Pylon  
  14  0:24  Probe  
  15  0:33  Assimilator  
  15  0:35  Probe  
  16  0:43  Gateway, Probe  
  17  0:51  Probe  
  18  1:03  Probe  
  19  1:15  Probe  
  20  1:23  Nexus  
  20  1:33  Cybernetics Core  
  20  1:36  Probe  
  21  1:42  Assimilator  
  21  1:48  Probe  
  21  1:51  Pylon  
  22  1:58  Stalker  
  22  2:00  Probe  
  23  2:10  Warp Gate  
  23  2:12  Probe  
  26  2:24  Stargate, Probe  
  26  2:28  Adept  
  29  2:31  Probe  
  29  2:32  Probe  
  31  2:39  Probe  
  31  2:40  Probe  
  32  2:49  Probe  
  32  2:50  Probe  
  33  2:58  Adept  
  37  3:00  Oracle  
  37  3:01  Probe  
  37  3:03  Probe  
  37  3:05  Gateway  
  42  3:13  Probe  
  42  3:15  Probe  
  42  3:18  Pylon  
  44  3:25  Probe  
  45  3:27  Oracle, Probe  
  45  3:32  Pylon  
  46  3:38  Probe  
  46  3:39  Probe  
  51  3:50  Probe  
  51  3:51  Probe  
  53  4:00  Adept  
  53  4:02  Probe, Adept  
  58  4:07  Nexus  
  58  4:09  Probe  
  59  4:10  Pylon  
  59  4:14  Probe  
  60  4:19  Assimilator  
  60  4:20  Assimilator  
  60  4:21  Probe  
  61  4:26  Twilight Council  
  61  4:28  Probe  
  61  4:29  Forge  
  62  4:33  Probe  
  63  4:40  Probe, Robotics Facility  
  63  4:45  Probe  
  65  4:46  Gateway  
  65  4:48  Gateway  
  65  4:52  Probe  
  66  4:57  Probe  
  66  4:58  Protoss Ground Weapons Level 1  
  67  5:00  Gateway  
  67  5:01  Gateway, Charge  
  67  5:04  Probe  
  68  5:18  Templar Archives  
  68  5:21  Warp Prism  
  67  5:23  Gateway  
  67  5:25  Gateway, Probe x2  
  67  5:29  Probe  
  70  5:37  Probe  
  70  5:40  Probe x2  
  73  5:43  Pylon  
  73  5:47  Probe  
  73  5:49  Pylon  
  74  5:52  Pylon, Probe  
  74  5:54  Probe  
  76  6:02  High Templar x4  
  84  6:04  Zealot x2  
  84  6:07  Archon  
  84  6:08  Observer, Archon  
  84  6:09  Probe x3  
  92  6:12  Photon Cannon  
  92  6:14  Pylon, Assimilator  
  92  6:21  Probe x2  
  92  6:22  Zealot x2  
  92  6:25  Pylon  
  98  6:27  Pylon  
  98  6:37  Zealot x5  
  108  6:40  Zealot  
  108  6:43  Immortal  
  108  6:44  Zealot x2  
  112  6:56  Probe x2  
  112  6:59  Assimilator  
  106  7:05  Observer  
  106  7:07  High Templar x2  
  106  7:08  Zealot x4  
  104  7:12  Archon  
  104  7:15  Immortal  
  104  7:31  High Templar x2  
  104  7:35  Pylon, Archon, Zealot x4  
  104  7:36  Pylon  
  116  7:38  Probe  
  116  7:42  Probe  
  116  7:43  Blink  
  120  7:46  Photon Cannon  
  120  7:48  Protoss Ground Weapons Level 2, Nexus  
  120  7:49  Pylon  
  120  7:58  Stalker x2  
  124  8:02  Phoenix  
  124  8:04  Stalker  
  126  8:08  Immortal  
  126  8:12  Pylon  
  126  8:14  Zealot x3  
  126  8:15  Zealot x2  
  128  8:26  Photon Cannon  
  132  8:41  High Templar x2  
  132  8:42  High Templar x2, Zealot x2  
  132  8:43  Immortal  
  132  8:45  Pylon  
  132  8:46  Archon  
  144  8:55  Archon  
  145  9:09  Stalker x2  
  142  9:10  Phoenix  
  142  9:15  Stalker x4  
  148  9:21  Warp Prism  
  130  9:46  Zealot x8  
  130  9:47  Phoenix  
  130  9:49  Fleet Beacon  
  130  9:51  Stargate  
  144  9:57  Probe x2  
  144  10:08  Stalker x7  
  158  10:15  Phoenix  
  148  10:21  Stalker  
  150  10:35  Stalker x5  
  138  10:38  Phoenix  
  142  10:45  Phoenix  
  136  11:00  Phoenix  
  130  11:07  Phoenix, Anion Pulse-Crystals  
  130  11:17  Probe x2  
  127  11:20  Probe  
  127  11:24  Nexus  
  119  11:28  Phoenix  
  119  11:29  Probe  
  103  11:46  Phoenix  
  101  11:47  Pylon  
  90  12:14  High Templar x2  
  94  12:18  Archon  
  94  12:19  Pylon  
  94  12:21  Phoenix  
  63  12:51  Zealot x5  
  63  13:16  Stalker x4  
  71  13:29  Stalker  
Tags
 
Add a new tag
Caveats
  • Supply blocks, unpowered buildings, or Contaminate may cause inaccurate times.
  • Supply counts are checked every 10 seconds.